 Dungeon Crawl Stone Soup version 0.31-a0-1068-g5939ac1fb6 (webtiles) character file.

Game seed: 3621778493406638614

2373 Maratek the Ruffian (level 9, -4/62 HPs)
             Began as an Octopode Shapeshifter on Nov 24, 2023.
             Slain by a troll (14 damage)
             ... on level 7 of the Dungeon.
             The game lasted 00:09:14 (6303 turns).

Maratek the Ruffian (Octopode Shapeshifter)         Turns: 6303, Time: 00:09:15

Health: -4/62      AC:  5    Str: 20    XL:     9   Next: 45%
Magic:  9/9        EV: 20    Int: 13    God:
Gold:   416        SH:  0    Dex: 11    Spells: 8/8 levels left

rFire   . .          .
                       - Unarmed
rCold   + . .        (no shield)
rNeg    . . .        (helmet currently unavailable)
rPois   +            (no amulet)
rElec   .            e - +4 ring of protection
rCorr   .            i - +5 ring of evasion
SInv    .            o - ring of Elyvilon's Wrath {rPois rC+ Str+3}
Will    .....        s - ring of poison resistance
Stlth   ++           (no ring)
HPRegen 0.30/turn    (no ring)
MPRegen 0.11/turn    (no ring)
                     (no ring)

%: no passive effects
@: about to teleport, beast-form
A: beast (slay +3), almost no armour, amphibious, 8 rings, camouflage 1,
gelatinous body 1, (nimble swimmer 1), tentacles
a: Begin Untransformation


You were on level 7 of the Dungeon.
You were a hulking beast.
You visited 2 branches of the dungeon, and saw 8 of its levels.

You collected 416 gold pieces.

Inventory:

Missiles
 f - a throwing net
Jewellery
 e - a +4 ring of protection (left tentacle)
 i - a +5 ring of evasion (right tentacle)
 o - the ring of Elyvilon's Wrath (on tentacle) {rPois rC+ Str+3}
   (You found it on level 3 of the Dungeon)

   [ring of poison resistance]

   Str+3:     It affects your strength (+3).
   rC+:       It protects you from cold.
   rPois:     It protects you from poison
 s - a ring of poison resistance (on tentacle)
 v - a ring of wizardry
Talismans
 b - a beast talisman (active)
 c - a flux talisman
 r - a blade talisman
Wands
 n - a wand of light (13)
 t - a wand of roots (8)
Scrolls
 h - 2 scrolls of enchant weapon
 m - a scroll of poison
 p - 4 scrolls of enchant armour
Potions
 a - 2 potions of lignification
 d - 2 potions of curing
 g - 2 potions of degeneration {unknown}
 j - 2 potions of heal wounds {unknown}
 k - a potion of attraction {unknown}
 l - a potion of enlightenment {unknown}
 u - a potion of magic {unknown}


   Skills:
 * Level 6.2 Fighting
 * Level 6.4 Dodging
 * Level 6.8 Unarmed Combat
 * Level 6.3 Shapeshifting


You had 8 spell levels left.
You didn't know any spells.
Your spell library contained the following spells:

 Spells                   Type           Power      Damage    Failure   Level
 Slow                     Hex            0%         N/A       30%         1
 Ensorcelled Hibernation  Hex/Ice        0%         N/A       43%         2
 Lesser Beckoning         Tloc           0%         N/A       43%         2
 Passwall                 Tmut/Erth      0%         N/A       43%         2
 Confusing Touch          Hex            0%         N/A       67%         3
 Gell's Gravitas          Tloc           0%         N/A       67%         3
 Ozocubu's Armour         Ice            0%         N/A       67%         3
 Sigil of Binding         Hex            0%         N/A       67%         3
 Swiftness                Air            0%         N/A       67%         3
 Teleport Other           Tloc           0%         N/A       67%         3
 Vampiric Draining        Necr           0%         2d6       67%         3
 Manifold Assault         Tloc           0%         N/A       97%         4
 Metabolic Englaciation   Hex/Ice        0%         N/A       100%        5
 Dispersal                Tloc           0%         N/A       100%        6
 Simulacrum               Ice/Necr       0%         N/A       100%        6
 Disjunction              Tloc           0%         N/A       100%        8


Dungeon Overview and Level Annotations

Branches:
Dungeon (7/15)             Temple (1/1) D:4

Altars:
Ashenzari
Cheibriados
Elyvilon
Fedhas
Gozag
Hepliaklqana
Kikubaaqudgha
Makhleb
Nemelex Xobeh
Okawaru
Qazlal
Ru
Sif Muna
Trog
Uskayaw
Wu Jian
Xom
Yredelemnul
Zin
The Shining One

Shops:
D:4 ((:

Annotations:
D:4 1 runed translucent door, Crazy Yiuf


Innate Abilities, Weirdness & Mutations

You are a hulking beast.
Your limbs bulge with bestial killing power. (Slay +3)
You cannot wear most types of armour.
You are amphibious.
You can wear up to eight rings at the same time.
Your skin changes colour to match your surroundings (Stealth+).
Your rubbery body absorbs attacks. (AC +1, EV +1)
((You are camouflaged when in or above water. (Stealth+)))
You have tentacles for arms and can constrict up to eight enemies at once.


Message History

The troll is lightly wounded.
The troll closely misses you. The troll barely misses you.
The troll claws you but does no damage.
You bludgeon the troll!
The troll is moderately wounded.
The troll bites you. The troll claws you! The troll claws you.
You tentacle-slap the troll.
The troll is heavily wounded.
The troll closely misses you. The troll misses you.
The troll closely misses you.
You barely miss the troll.
The troll is heavily wounded.
The troll bites you. The troll claws you. The troll misses you.
The troll bites you. The troll closely misses you. x2
You bludgeon the troll! Your squeeze misses the troll.
The troll is severely wounded.
The troll bites you! The troll misses you. The troll claws you!
The troll completely misses you. The troll claws you.
The troll claws you but does no damage.
You are too injured to fight recklessly!
You are too injured to fight recklessly!
You are too injured to fight recklessly!
You are too injured to fight recklessly!
You are too injured to fight recklessly!
You are too injured to fight recklessly!
You are too injured to fight recklessly!
You are too injured to fight recklessly!
You are too injured to fight recklessly!
You are too injured to fight recklessly!
You are too injured to fight recklessly!
You are too injured to fight recklessly!
You are too injured to fight recklessly!
You are too injured to fight recklessly!
You are too injured to fight recklessly!
You are too injured to fight recklessly!
As you read the scroll of teleportation, it crumbles to dust.
You feel strangely unstable.
The troll misses you. x2; The troll claws you!
* * * LOW HITPOINT WARNING * * *
The troll bites you!
You die...

#####..))..###.#.###.# #.#.......
# #..))).....#...#.# #.##.#.#.#
#####......#######.#.# #.##.#.#.#
............<......#.# #.##.#...#
########....########.# #.#....#..
.....................# #.#....#.#
########....############.#....#..
#....# #..# ..##.#....### #....#
#Th###.T##.#.......
#....##4##T..# #.#...#### #....##
#...# #.....#### #....# #...#
##....##.. ######....## ##.##
#....##.. #..........#
#..######....##..
#..........####............##..
#............##..>.........##..
#.#.#......#.##..........####..


You could see a rust devil (summoned) and 2 trolls.

Vanquished Creatures
  Eustachio (D:4)
  Edmund (D:5)
  2 water moccasins
  2 orc warriors (D:7)
  3 ogres (D:6)
  An ice beast (D:5)
  2 black bears
  A phantom (D:4)
  A kobold brigand (D:5)
  A bullfrog (D:6)
  A gnoll sergeant (D:6)
  A scorpion (D:4)
  3 wights (D:5)
  2 howler monkeys (D:7)
  A jelly (D:4)
  2 hounds
  An orc priest (D:7)
  2 gnoll boudas (D:7)
  Terence (D:2)
  5 iguanas
  Robin (D:4)
  15 gnolls
  3 adders
  2 worms
  3 dart slugs
  9 orcs
  6 ball pythons
  8 endoplasms
  5 giant cockroaches
  16 goblins
  7 hobgoblins
  26 kobolds
  3 quokkas
  9 bats
  4 frilled lizards
  6 rats
157 creatures vanquished.

Notes
Turn   | Place    | Note
-------+----------+-------------------------------------------
     0 | D:1      | Maratek the Octopode Shapeshifter began the quest for the
                  | Orb.
     0 | D:1      | Reached XP level 1. HP: 13/13 MP: 1/1
    12 | D:1      | Noticed a golden eye
    20 | D:1      | Found a faded altar of an unknown god.
    25 | D:1      | Noticed a great orb of eyes
    47 | D:1      | Noticed a shining eye
    47 | D:1      | Noticed a glass eye
    92 | D:1      | Reached XP level 2. HP: 18/18 MP: 2/2
   281 | D:1      | Reached XP level 3. HP: 23/23 MP: 3/3
  1073 | D:2      | Reached XP level 4. HP: 29/29 MP: 4/4
  1099 | D:2      | You fall into a shaft and drop 2 floors!
  1451 | D:2      | Noticed Terence
  1461 | D:2      | Killed Terence
  1462 | D:2      | Reached XP level 5. HP: 27/35 MP: 5/5
  2130 | D:3      | Identified the ring of Elyvilon's Wrath {rPois rC+ Str+3}
  2216 | D:3      | Noticed a black bear
  2224 | D:3      | Killed a black bear
  2281 | D:3      | Reached XP level 6. HP: 35/41 MP: 6/6
  2483 | D:4      | Found Jumom's Antique Weapon Shop.
  2550 | D:4      | Found Dosk's Book Boutique.
  2613 | D:4      | Found a staircase to the Ecumenical Temple.
  2641 | Temple   | Entered the Ecumenical Temple
  2776 | D:4      | Noticed Robin
  2794 | D:4      | Killed Robin
  2822 | D:4      | Found an ornate altar of the Wu Jian Council.
  2825 | D:4      | Found an iron altar of Okawaru.
  2828 | D:4      | Found a glowing silver altar of Zin.
  2828 | D:4      | Noticed Eustachio
  2835 | D:4      | Killed Eustachio
  2836 | D:4      | Reached XP level 7. HP: 42/47 MP: 7/7
  2860 | D:4      | Found a blossoming altar of Fedhas.
  3043 | D:4      | Found a runed translucent door.
  3044 | D:4      | Noticed Crazy Yiuf
  3078 | D:4      | Found a sacrificial altar of Ru.
  3148 | D:4      | Found Diwnam's Antique Weapon Emporium.
  3424 | D:5      | Entered Level 5 of the Dungeon
  3468 | D:5      | Reached skill level 5 in Unarmed Combat
  3539 | D:5      | Reached XP level 8. HP: 20/54 MP: 8/8
  3662 | D:5      | Reached skill level 5 in Shapeshifting
  3809 | D:5      | Noticed Edmund
  3817 | D:5      | Killed Edmund
  3818 | D:5      | Reached skill level 5 in Dodging
  4271 | D:6      | Reached skill level 5 in Fighting
  4524 | D:6      | Reached XP level 9. HP: 42/61 MP: 9/9
  5400 | D:7      | Found a glowing golden altar of the Shining One.
  5402 | D:7      | Noticed an angel
  5770 | D:7      | Found a burning altar of Makhleb.
  5775 | D:7      | Found a snail-covered altar of Cheibriados.
  6152 | D:7      | Found a basalt altar of Yredelemnul.
  6293 | D:7      | Noticed a troll
  6294 | D:7      | Noticed a troll
  6296 | D:7      | Noticed a kobold demonologist
  6299 | D:7      | Noticed a rust devil
  6303 | D:7      | Slain by a troll

Illustrated notes

Levels and vault maps discovered:
D:1:      dpeg_arrival_brainrot, layout_loops_ring,
          hellmonk_ecumenical_altar_watching_god
D:2:      layout_basic, minmay_misc_feat_pillars, minivault_5,
          dk_noncrumbling_2, uniq_terence
D:3:      layout_rooms, amethyst_killhole
D:4:      layout_loops_ring, grunt_temple_overflow_cloverleaf,
          lemuel_doored_altar, minmay_temple_entry_arrows, serial_shops,
          nicolae_square_shop, nicolae_shop_gibbet_a_chance,
          nicolae_shop_tiny_real_fake_doors, uniq_eustachio,
          uniq_crazy_yiuf_cottage, uniq_robin
D:5:      kennysheep_kobold_camp, layout_cave_pools, uniq_edmund
D:6:      layout_basic
D:7:      minmay_blocky_corners, layout_basic, cheibriados_altar_2,
          lemuel_crystal_altar, grunt_temple_overflow_holy_war
Temple:   grunt_temple_mini_profane

Skill      XL: |  1  2  3  4  5  6  7  8  9 |
---------------+----------------------------+-----
Fighting       | 2 3 4 5 6 |  6.2
Dodging        | 3 4 5 6 |  6.4
Unarmed Combat | 4 5 6 |  6.8
Shapeshifting  | 4 5 6 |  6.3

Action                     |  1- 3 |  4- 6 |  7- 9 || total
---------------------------+-------+-------+-------++-------
  Melee: Unarmed           |    53 |    98 |   191 ||   342
         Constrict         |    12 |    21 |    47 ||    80
         Tentacles         |     7 |    20 |    48 ||    75
         Punch             |       |     2 |    14 ||    16
    Use: Scroll            |     3 |     1 |     6 ||    10
   Stab: Sleeping          |     4 |     3 |     2 ||     9
         Distracted        |       |     1 |       ||     1
 Armour: Skin              |    12 |    29 |    70 ||   111
  Dodge: Dodged            |    35 |    71 |   202 ||   308
   Form: Blade             |       |       |     2 ||     2
         Beast             |       |       |     1 ||     1
         Flux              |       |       |     1 ||     1

Table legend: (Time is in decaauts)
 A = Elapsed time spent in this place.
 B = Non-inter-level travel time spent in this place.
 C = Inter-level travel time spent in this place.
 D = Time resting spent in this place.
 E = Time spent auto-exploring this place.
 F = Levels seen in this place.
 G = Mean time per level.
                   A        B        C        D        E       F      G
               +--------+--------+--------+--------+--------+-----+--------+
         Total |   6269 |   5759 |    510 |      0 |   4882 |   8 |  783.6 |
       Dungeon |   6144 |   5757 |    387 |      0 |   4882 |   7 |  877.7 |
        Temple |    125 |      2 |    123 |      0 |      0 |   1 |  125.0 |
               +--------+--------+--------+--------+--------+-----+--------+

Top non-repeatable levels by time:
     D:7: 1117 daAuts
     D:2: 1030 daAuts
     D:1: 975 daAuts
     D:6: 922 daAuts
     D:4: 864 daAuts
     D:5: 818 daAuts
     D:3: 415 daAuts
  Temple: 125 daAuts
